 Dungeon Crawl Stone Soup version 0.23.2-1-ga50397a (webtiles) character file.

Game seed: 11944154181754061351

30 eccles the Conjurer (level 3, 0/24 HPs)
             Began as a Human Conjurer on May 2, 2019.
             Succumbed to an adder's poison
             ... on level 2 of the Dungeon.
             The game lasted 00:07:05 (989 turns).

eccles the Conjurer (Human Conjurer)                 Turns: 989, Time: 00:07:06

Health: 0/24       AC:  3    Str: 13    XL:     3   Next: 35%
Magic:  4/6        EV: 12    Int: 21    God:
Gold:   74         SH:  0    Dex: 13    Spells: 3/6 levels left

rFire    . . .     SeeInvis .   j - +0 short sword
rCold    . . .     Gourm    .   (no shield)
rNeg     . . .     Faith    .   a - +0 robe
rPois    .         Spirit   .   (no helmet)
rElec    .         Reflect  .   o - +0 cloak
rCorr    .         Harm     .   (no gloves)
MR       .....                  (no boots)
Stlth    ++........             (no amulet)
HPRegen  0.08/turn              (no ring)
MPRegen  0.10/turn              (no ring)

@: mighty, brilliant, lethally poisoned (0 -> -7), flying, very slightly
contaminated
A: no striking features
a: no special abilities


You were on level 2 of the Dungeon.
You were not hungry.

You visited 1 branch of the dungeon, and saw 2 of its levels.

You collected 74 gold pieces.

Inventory:

Hand Weapons
 e - a +0 dagger
 j - a +0 short sword (weapon)
Armour
 a - a +0 robe (worn)
 o - a +0 cloak (worn)
Jewellery
 b - an uncursed ring of flight {unknown}
 p - an uncursed ring of fire {unknown}
Scrolls
 d - a scroll of blinking {unknown}
 g - a scroll of magic mapping {unknown}
 i - 2 scrolls of identify {unknown}
 m - a scroll of enchant weapon {unknown}
 n - a scroll of teleportation {unknown}
Comestibles
 c - 2 rations
 f - a chunk of flesh


   Skills:
 + Level 2.1 Dodging
 + Level 2.1 Stealth
 + Level 2.4 Spellcasting
 + Level 4.6 Conjurations


You had 3 spell levels left.
You knew the following spells:

 Your Spells              Type           Power        Failure   Level  Hunger
a - Magic Dart            Conj           ####         1%          1    None
b - Searing Ray           Conj           ####..       1%          2    ##.....

Your spell library contained the following spells:

 Spells                   Type           Power        Failure   Level  Hunger
 Dazzling Spray           Conj/Hex       ###...       2%          3    ###....
 Iskenderun's Mystic Bla  Conj           ####....     2%          4    ####...
 Force Lance              Conj/Tloc      ###.....     7%          4    ####...
 Fulminant Prism          Conj/Hex       ###.......   7%          4    ####...


Dungeon Overview and Level Annotations

Branches:
Dungeon (2/15)

Altars:


Message History

You feel clever all of a sudden. The adder bites you but does no damage.
It was a potion of might.
You feel very mighty all of a sudden.
* * * LOW HITPOINT WARNING * * *
You feel sick. The adder closely misses you. The kobold hits you.
* * * LOW HITPOINT WARNING * * *
The adder closely misses you.
Some of the chunks of flesh in your inventory have rotted away.
* * * LOW HITPOINT WARNING * * *
You feel sick.
Casting: Searing Ray (safe; 1% risk of failure)
Confirm with . or Enter, or press ? or * to list all spells.
Aiming: Magic Dart (safe; 1% risk of failure)
Press: ? - help, Shift-Dir - straight line, f/p - adder
Aim: an adder The magic dart hits the adder.
The adder is moderately wounded.
The kobold barely misses you. The adder bites you but does no damage.
You die...

#...........#
#...........#
#...........####
###'##########..
#.#.......##.#
#.#.......##.#
#.#.......##.######
###'#.......##.#.....
#...@.K.....'.>'.....
#.....S.....####.....
#....######## #..(.(
#....# #..... #....#
#..... #....# #.....
#....# #..... #....#
#..... ###### ######


You could see an adder and a kobold.

Vanquished Creatures
  A worm (D:2)
  A dart slug (D:1)
  4 bats (D:1)
  A giant cockroach (D:1)
  5 goblins (D:1)
  2 hobgoblins (D:1)
  A kobold (D:1)
  A quokka (D:2)
  A frilled lizard (D:1)
  7 rats (D:1)
24 creatures vanquished.

Notes
Turn   | Place    | Note
-------+----------+-------------------------------------------
     0 | D:1      | eccles the Human Conjurer began the quest for the Orb.
     0 | D:1      | Reached XP level 1. HP: 13/13 MP: 3/3
   184 | D:1      | Reached XP level 2. HP: 19/19 MP: 3/5
   564 | D:1      | Learned a level 2 spell: Searing Ray
   687 | D:1      | Reached XP level 3. HP: 21/24 MP: 2/6
   987 | D:2      | HP: 1/24 [poisoned by an adder]
   989 | D:2      | Succumbed to an adder's poison

Action                   || total
-------------------------++-------
Melee: Unarmed           ||     1
       Short sword       ||     4
 Cast: Magic Dart        ||    44
       Searing Ray       ||     2
  Use: Potion            ||     3
  Eat: Chunk             ||     1
Armor: Robe              ||     5
Dodge: Dodged            ||    15
